 Dungeon Crawl Stone Soup version 0.30-a0-779-g7971cf19c3 (webtiles) character file.

Game seed: 2480676883862451424

1 Esekla the Sneak (level 1, 16/16 HPs)
             Began as an Octopode Delver on Feb 17, 2023.
             Quit the game on level 5 of the Dungeon.
             The game lasted 00:01:58 (227 turns).

Esekla the Sneak (Octopode Delver)                   Turns: 227, Time: 00:01:58

Health: 16/16      AC:  1    Str: 11    XL:     1   Next: 20%
Magic:  1/1        EV: 13    Int: 18    God:
Gold:   59         SH:  0    Dex: 13    Spells: 0/0 levels left

rFire   . . .      SeeInvis .    a - +0 falchion
rCold   . . .      Faith    .    (no shield)
rNeg    . . .      Spirit   .    (helmet restricted)
rPois   .          Reflect  .    (no amulet)
rElec   .          Harm     .    h - +6 ring of intelligence
rCorr   .          Rampage  .    (no ring)
Will    .....                    (no ring)
Stlth   ++++                     (no ring)
HPRegen 0.22/turn                (no ring)
MPRegen 0.07/turn                (no ring)
                                 (no ring)
                                 (no ring)

@: no status effects
A: almost no armour, amphibious, 8 rings, camouflage 1, gelatinous body 1,
(nimble swimmer 1), tentacles
a: no special abilities


You were on level 5 of the Dungeon.
You visited 1 branch of the dungeon, and saw 1 of its levels.

You collected 59 gold pieces.

Inventory:

Hand Weapons
 a - a +0 falchion (weapon)
Jewellery
 h - a +6 ring of intelligence (left tentacle)
Wands
 f - a wand of digging (3)
Scrolls
 b - 2 scrolls of fog
 g - a scroll of immolation {unknown}
 k - 3 scrolls of teleportation {unknown}
 l - a scroll of identify {unknown}
Potions
 e - a potion of haste
 i - a potion of attraction {unknown}
 j - a potion of curing {unknown}


   Skills:
 + Level 3.0 Fighting
 + Level 2.0 Long Blades
 + Level 2.0 Dodging
 + Level 6.7 Stealth


You couldn't memorise any spells.
You didn't know any spells.
Your spell library was empty.

Dungeon Overview and Level Annotations

Branches:
Dungeon (5/15)
 Temple: D:4-7

Altars:
Elyvilon

Annotations:
D:5 Sigmund


Innate Abilities, Weirdness & Mutations

You cannot wear most types of armour.
You are amphibious.
You can wear up to eight rings at the same time.
Your skin changes colour to match your surroundings (Stealth+).
Your rubbery body absorbs attacks. (AC +1, EV +1)
((You are camouflaged when in or above water. (Stealth+)))
You have tentacles for arms and can constrict up to eight enemies at once.


Message History

You now have 36 gold pieces (gained 10).
The quokka barely misses you.
You closely miss the quokka. You grab the quokka. You constrict the quokka.
The quokka closely misses you.
You hit the quokka.
The quokka is severely wounded.
You constrict the quokka. The quokka closely misses you.
You barely miss the quokka.
The quokka is almost dead.
You constrict the quokka.
You kill the quokka!
l - a scroll labelled SYOGI FEHE A gnoll comes into view.
It is wielding a +0 whip.
You see here a +0 robe.
There is a stone staircase leading up here.
An ogre comes into view. It is wielding a +0 giant club.
Sigmund the Dreaded comes into view.
He is wielding a +0 scythe.
A lemure comes into view.
You see here 6 gold pieces.
You now have 42 gold pieces (gained 6).
The lemure shouts!
A water moccasin comes into view.
The water moccasin hisses angrily.
Found 4 gold pieces.
As you read the scroll of magic mapping, it crumbles to dust.
You feel aware of your surroundings.
You sensed 1 altar.
As you read the scroll of fear, it crumbles to dust.
You assume a fearsome visage.
The lemure looks frightened!
The water moccasin looks frightened!
Found a scroll of fog.
Found a stone staircase leading down.
b - 2 scrolls of fog (gained 1)
A jelly comes into view.
Found 5 gold pieces.
Found 17 gold pieces.
You now have 59 gold pieces (gained 17).
You open the gate.
Found a leather armour.
Found a white marble altar of Elyvilon.
There is an open gate here.
As you close the gate, it creaks loudly!
Are you sure you want to abandon this character and quit the game? (Confirm with "yes".)

,,..J.....$.....*
,,#........,...###
###.......*##..#.##
#.#....#.###......#
..........#....#######
.........##..#.#.....#
.........##..#.#.PPP.#
..........#..#.+.P...#
....#.##.......+@P._.#
....#.....#....+.P..[#
..........#...##.PPP.#
..........#.####.....#
.............**#######
.......##.....,,,,,,*
.......##......,,****
.......###.....***
.......##*###..,***


There were no monsters in sight!

Vanquished Creatures
  A quokka (D:5)
1 creature vanquished.

Notes
Turn   | Place    | Note
-------+----------+-------------------------------------------
     0 | D:5      | Esekla the Octopode Delver began the quest for the Orb.
     0 | D:5      | Reached XP level 1. HP: 16/16 MP: 1/1
   143 | D:5      | Noticed an ogre
   170 | D:5      | Noticed Sigmund
   188 | D:5      | Noticed a lemure
   196 | D:5      | Noticed a water moccasin
   207 | D:5      | Noticed a jelly
   223 | D:5      | Found a white marble altar of Elyvilon.
   227 | D:5      | Quit the game

Illustrated notes

Levels and vault maps discovered:
D:5:      layout_cave_pools, mainiacjoe_overflow_alcove_4, uniq_pikel,
          uniq_sigmund

Action                     || total
---------------------------++-------
  Melee: Falchion          ||     3
         Constrict         ||     1
    Use: Scroll            ||     2
  Dodge: Dodged            ||     3

Table legend: (Time is in decaauts)
 A = Elapsed time spent in this place.
 B = Non-inter-level travel time spent in this place.
 C = Inter-level travel time spent in this place.
 D = Time resting spent in this place.
 E = Time spent auto-exploring this place.
 F = Levels seen in this place.
 G = Mean time per level.
                   A        B        C        D        E       F      G
               +--------+--------+--------+--------+--------+-----+--------+
         Total |    227 |    227 |      0 |      0 |      0 |   1 |  227.0 |
       Dungeon |    227 |    227 |      0 |      0 |      0 |   1 |  227.0 |
               +--------+--------+--------+--------+--------+-----+--------+

Top non-repeatable levels by time:
     D:5: 227 daAuts
